 Dungeon Crawl Stone Soup version 0.30-a0-691-g754fce4c43 (console) character file.

Game seed: 8942755973511813103

25318 jejorda2 the Impaler (level 13, -8/102 (103) HPs)
             Began as a Merfolk Berserker on Jan 19, 2023.
             Was an Elder of Trog.
             Succumbed to Sonja's poison
             ... on level 2 of the Lair of Beasts.
             The game lasted 00:30:43 (13149 turns).

jejorda2 the Impaler (Merfolk Berserker)           Turns: 13149, Time: 00:30:44

HP:   -8/102 (103)  AC: 19    Str: 23    XL:     13   Next: 18%
MP:   4/4           EV: 14    Int:  9    God:    Trog [****..]
Gold: 384           SH:  0    Dex: 13    Spells: 12/12 levels left

rFire   . . .      SeeInvis .    a - +1 glaive (antimagic)
rCold   . . .      Faith    .    (shield currently unavailable)
rNeg    . . .      Spirit   .    u - +0 plate armour
rPois   .          Reflect  .    s - +0 helmet {Int+3}
rElec   .          Harm     .    G - +0 cloak
rCorr   .          Rampage  +    x - +1 pair of gloves
Will    +....                    O - +1 pair of boots {rampage} Stlth
                                 M - amulet of regeneration
HPRegen 1.17/turn                l - ring of willpower
MPRegen 0.09/turn                K - +5 ring of evasion

@: lethally poisoned (-8 -> -41), frozen, slowed, lightly drained, very slow
A: (nimble swimmer 2), mertail
a: Renounce Religion, Berserk, Trog's Hand, Brothers in Arms


You were on level 2 of the Lair of Beasts.
You worshipped Trog.
Trog was greatly pleased with you.
You visited 2 branches of the dungeon, and saw 14 of its levels.
You also visited: Ossuary and Gauntlet.

You collected 792 gold pieces.
You spent 408 gold pieces at shops.

Inventory:

Hand Weapons
 a - a +1 antimagic glaive (weapon)
 b - a +3 trident of freezing
 f - a +2 halberd of protection
Missiles
 d - 114 stones
 v - 14 boomerangs
 z - 3 boomerangs of dispersal
 B - 18 poisoned darts (quivered)
 C - a throwing net
 I - 2 curare-tipped darts
 Q - 3 silver javelins
Armour
 s - a +0 helmet of intelligence (worn)
 u - a +0 plate armour (worn)
 x - a +1 pair of gloves (worn)
 G - a +0 cloak (worn)
 O - a +1 pair of boots of rampaging (worn)
Jewellery
 l - a ring of willpower (left hand)
 K - a +5 ring of evasion (right hand)
 M - an amulet of regeneration (around neck)
 N - a ring of see invisible
Wands
 c - a wand of flame (11)
 k - a wand of roots (12)
 o - a wand of paralysis (7)
 D - a wand of quicksilver (4)
 F - a wand of digging (8)
Scrolls
 g - 2 scrolls of magic mapping
 p - 6 scrolls of teleportation
 t - 2 scrolls of fog
 y - 2 scrolls of immolation
 H - a scroll of enchant weapon
Potions
 e - 8 potions of curing
 h - 5 potions of flight
 i - 2 potions of cancellation
 j - 2 potions of lignification
 m - 3 potions of invisibility
 n - 3 potions of mutation
 q - 3 potions of ambrosia
 r - a potion of resistance
 w - a potion of might {unknown}
 A - 2 potions of heal wounds
 E - 3 potions of attraction
 J - a potion of magic {unknown}
Miscellaneous
 R - a phial of floods


   Skills:
 + Level 9.8 Fighting
 - Level 20.0 Polearms
 + Level 9.5 Throwing
 - Level 6.3 Armour
 - Level 6.0 Dodging
 - Level 6.0 Evocations


You had 12 spell levels left.
You didn't know any spells.
Your spell library was empty.

Dungeon Overview and Level Annotations

Branches:
Dungeon (12/15)            Temple (0/1) D:5            Lair (2/5) D:8
    Orc (0/2) D:11        Ossuary (visited)         Gauntlet (visited)
  Swamp: Lair:2-3    Shoals: Lair:2-3     Snake: Lair:2-3    Spider: Lair:2-3

Altars:
Cheibriados
Elyvilon
Fedhas
Gozag
Nemelex Xobeh
Okawaru
Ru
Yredelemnul

Shops:
D:6 :   D:9 *   D:10 [

Portals:
Ice
Cave: Lair:2

Annotations:
D:4 3 runed translucent doors, SkeletonJelly's ghost, amateur DsCK
Lair:2 Sonja


Innate Abilities, Weirdness & Mutations

((You are very nimble when in or above water. (Stealth+, EV+, Speed+++)))
Your lower body shifts to a powerful aquatic tail in water.


Message History

The rime drake misses you.
A yak comes into view.
You closely miss the rime drake. The ice encasing you melts away.
You feel extremely sick.
The yak bellows!
You hear a bellow!
The wolf barely misses you. x2; The wolf bites you but does no damage.
Sonja hits you but does no damage.
You are more poisoned.
Sonja closely misses you. Sonja hits you but does no damage.
The rime drake breathes ice at you. The icy flash freeze hits you!
* * * LOW HITPOINT WARNING * * *
You are encased in ice.
The rime drake bites you.
* * * LOW HITPOINT WARNING * * *
The wolf closely misses you. The wolf bites you but does no damage.
A yak comes into view. x2
The wolf misses you. Sonja hits you but does no damage.
You are more poisoned.
Sonja barely misses you. Sonja hits you but does no damage.
You are more poisoned.
As you read the scroll of fear, it crumbles to dust.
You assume a fearsome visage.
The rime drake looks frightened! x2
Sonja looks frightened!
The yak looks frightened! x2
The yak bellows!
The yak looks frightened!
The yak bellows!
The wolf looks frightened! x6; The water moccasin looks frightened!
* * * LOW HITPOINT WARNING * * *
You feel extremely sick.
You hear a bellow!
A black mamba comes into view.
Sonja casts a spell.
Sonja blinks!
Sonja casts a spell.
Sonja blinks!
A yak comes into view.
You rampage towards the rime drake!
Found a short sword.
You die...

.....# #....).## ##
#......P# # #.#
#.......#≈.≈..##
#.......#≈#....#
#.!.....≈#≈..#
#..§....#k.h.#
##......≈@....# ##
#...K........∩#
#.####.......#####
#............k≈≈≈≈
##......>.....[...
#^......h.....h....
......h...S........
...............h.$.
.......<......hS...


You could see 2 rime drakes, Sonja (fleeing), a water moccasin (fleeing) and 5
wolves.

Vanquished Creatures
  Gastronok (D:9)
  A minotaur (Gauntlet)
  Erolcha (D:11)
  Erica (D:11)
  A boulder beetle (D:11)
  4 two-headed ogres
  Pikel (D:9)
  An ugly thing (D:12)
  A black mamba (Lair:1)
  A gargoyle (D:12)
  2 komodo dragons
  2 trolls
  A tyrant leech (Gauntlet)
  Prince Ribbit (D:7)
  17 yaks
  4 wraiths
  A human (D:11)
  A warg (D:11)
  2 swamp worms (Gauntlet)
  2 vampire mosquitoes (D:9)
  4 water moccasins
  2 acid dragons
  8 black bears
  A sky beast (D:6)
  2 orc warriors
  2 ice beasts
  3 ogres
  3 centaurs
  6 bullfrogs
  3 kobold brigands
  14 scorpions
  A gnoll sergeant (D:6)
  16 wights
  6 killer bees (D:7)
  12 howler monkeys
  4 centaur zombies (Ossuary)
  2 human zombies (Ossuary)
  5 hounds
  A jelly (D:5)
  12 orc priests
  An iguana (D:6)
  7 scorpion zombies (Ossuary)
  13 orc wizards
  7 hell rats (Lair:1)
  3 mummies (Ossuary)
  11 gnolls
  7 adders
  3 white imps
  3 ufetubi
  A dart slug (D:5)
  7 worms
  47 orcs
  4 ball pythons
  6 bats
  5 endoplasms
  5 giant cockroaches
  5 goblins
  6 hobgoblins
  6 jackals
  3 quokkas
  A frilled lizard (D:1)
  A gnoll zombie (Ossuary)
  3 goblin zombies (Ossuary)
  A hobgoblin zombie (Ossuary)
  23 kobolds
  A kobold zombie (Ossuary)
  An orc zombie (Ossuary)
  5 rats
339 creatures vanquished.

Vanquished Creatures (collateral kills)
  A quicksilver ooze (Gauntlet)
1 creature vanquished.

Vanquished Creatures (others)
  A minotaur (D:1)
  A draconian (D:1)
  A gargoyle (D:1)
  2 vine stalkers (D:1)
  2 formicids (D:1)
  A human (D:1)
  2 tengu (D:1)
  2 orcs (D:1)
  6 tentacles (D:1)
18 creatures vanquished.

Grand Total: 358 creatures vanquished

Notes
Turn   | Place    | Note
-------+----------+-------------------------------------------
     0 | D:1      | jejorda2 the Merfolk Berserker began the quest for the Orb.
     0 | D:1      | Reached XP level 1. HP: 18/18 MP: 1/1
     0 | D:1      | Noticed a tengu
     0 | D:1      | Noticed a draconian
     0 | D:1      | Noticed a formicid
     0 | D:1      | Noticed a vine stalker
     0 | D:1      | Noticed a gargoyle
     0 | D:1      | Noticed a kraken
     0 | D:1      | Noticed a human
     0 | D:1      | Noticed a vine stalker
     0 | D:1      | Noticed a tengu
     0 | D:1      | Noticed a minotaur
     0 | D:1      | Noticed a formicid
     3 | D:1      | Killed a formicid
     4 | D:1      | Killed a tengu
     5 | D:1      | Killed a tengu
     8 | D:1      | Killed a gargoyle
     9 | D:1      | Killed a vine stalker
    10 | D:1      | Killed a vine stalker
    13 | D:1      | Killed a draconian
    13 | D:1      | Killed a human
    14 | D:1      | Killed a minotaur
    17 | D:1      | Killed a formicid
    95 | D:1      | Reached XP level 2. HP: 5/24 MP: 2/2
   354 | D:1      | Reached XP level 3. HP: 28/29 MP: 3/3
   836 | D:1      | Reached skill level 5 in Polearms
  1153 | D:2      | You fall into a shaft and drop 2 floors!
  1171 | D:4      | Reached ** piety under Trog
  1177 | D:4      | Reached XP level 4. HP: 32/37 MP: 4/4
  1195 | D:4      | Found a runed translucent gate.
  1196 | D:4      | Found a runed translucent gate.
  1198 | D:4      | Found a runed translucent gate.
  1218 | D:4      | Found a sand-covered staircase.
  1242 | Ossuary  | Entered an ossuary
  1249 | Ossuary  | Noticed a scorpion
  1259 | Ossuary  | Killed a scorpion
  1260 | Ossuary  | Reached skill level 6 in Polearms
  1260 | Ossuary  | Reached XP level 5. HP: 42/42 MP: 5/5
  1285 | Ossuary  | Reached XP level 6. HP: 43/49 MP: 6/6
  1335 | Ossuary  | Reached skill level 7 in Polearms
  1466 | Ossuary  | Reached skill level 5 in Dodging
  1543 | Ossuary  | Reached skill level 5 in Fighting
  1619 | Ossuary  | Reached XP level 7. HP: 56/56 MP: 7/7
  1736 | Ossuary  | Reached skill level 8 in Polearms
  2092 | Ossuary  | Reached skill level 9 in Polearms
  2092 | Ossuary  | Reached XP level 8. HP: 64/64 MP: 8/8
  2374 | D:4      | Noticed SkeletonJelly's ghost (amateur DsCK)
  2375 | D:4      | Identified the +9 hand axe of Vagh {vamp, rCorr Str+4 SInv}
  2555 | D:4      | Identified the +5 spear of Xitz {pain, Int+3}
  3058 | D:3      | Reached *** piety under Trog
  3308 | D:3      | Found a basalt altar of Yredelemnul.
  3400 | D:3      | Reached skill level 10 in Polearms
  3603 | D:3      | Found a snail-covered altar of Cheibriados.
  3606 | D:3      | Found a sparkling altar of Nemelex Xobeh.
  3609 | D:3      | Found a sacrificial altar of Ru.
  3610 | D:3      | Found an iron altar of Okawaru.
  3610 | D:3      | Found an opulent altar of Gozag.
  3610 | D:3      | Found a blossoming altar of Fedhas.
  3622 | D:3      | Found a white marble altar of Elyvilon.
  4079 | D:2      | Found an iron altar of Okawaru.
  4840 | D:5      | Entered Level 5 of the Dungeon
  5020 | D:5      | Found a staircase to the Ecumenical Temple.
  5083 | D:5      | Reached skill level 11 in Polearms
  5354 | D:5      | Reached XP level 9. HP: 69/69 MP: 9/9
  5881 | D:5      | Reached skill level 16 in Polearms
  5881 | D:5      | Reached XP level 10. HP: 76/76 MP: 10/10
  5882 | D:5      | Reached skill level 18 in Polearms
  5882 | D:5      | Reached XP level 11. HP: 81/81 MP: 11/11
  6001 | D:6      | Found Vuzez's Book Shoppe.
  6259 | D:6      | Reached **** piety under Trog
  6565 | D:6      | Noticed a two-headed ogre
  6573 | D:6      | Killed a two-headed ogre
  7240 | D:7      | Noticed Prince Ribbit
  7270 | D:7      | Killed Prince Ribbit
  7803 | D:8      | Found a staircase to the Lair.
  7862 | D:8      | Reached skill level 1 in Evocations
  8200 | D:8      | Reached ***** piety under Trog
  8474 | D:9      | Noticed Pikel
  8495 | D:9      | Killed Pikel
  8616 | D:9      | Found Taobbiefe's General Store.
  8665 | D:9      | Bought a potion of mutation for 128 gold pieces
  8691 | D:9      | Noticed a two-headed ogre
  8702 | D:9      | Killed a two-headed ogre
  8703 | D:9      | Reached skill level 19 in Polearms
  9146 | D:9      | Noticed Gastronok
  9157 | D:9      | Killed Gastronok
  9158 | D:9      | Reached XP level 12. HP: 92/92 MP: 12/12
  9461 | D:10     | Entered Level 10 of the Dungeon
  9578 | D:10     | Noticed a two-headed ogre
  9588 | D:10     | Killed a two-headed ogre
  9601 | D:10     | Received a gift from Trog
  9845 | D:10     | Found Boufamm's Armour Emporium.
  9854 | D:10     | Bought a +1 pair of boots of rampaging for 280 gold pieces
 10149 | D:11     | Noticed a boulder beetle
 10163 | D:11     | Killed a boulder beetle
 10240 | D:11     | Found a gate leading to a gauntlet.
 10292 | Gauntlet | Entered a Gauntlet
 10292 | Gauntlet | Found a transporter.
 10292 | Gauntlet | Found a transporter.
 10297 | Gauntlet | Noticed a quicksilver ooze
 10334 | Gauntlet | Found a transporter.
 10337 | Gauntlet | Found a transporter.
 10339 | Gauntlet | Found a transporter.
 10358 | Gauntlet | Found a transporter.
 10362 | Gauntlet | Found a transporter.
 10369 | Gauntlet | Found a transporter.
 10388 | Gauntlet | Found a transporter.
 10396 | Gauntlet | Found a transporter.
 10414 | Gauntlet | Found a transporter.
 10466 | Gauntlet | Found a transporter.
 10567 | Gauntlet | Killed a quicksilver ooze
 10712 | Gauntlet | Noticed a minotaur
 10722 | Gauntlet | Killed a minotaur
 10723 | Gauntlet | Reached skill level 5 in Evocations
 10998 | D:11     | Noticed Erolcha
 11016 | D:11     | Noticed Erica
 11024 | D:11     | Killed Erolcha
 11026 | D:11     | Killed Erica
 11189 | D:11     | Found a staircase to the Orcish Mines.
 11668 | D:12     | Noticed a two-headed ogre
 11674 | D:12     | Killed a two-headed ogre
 11964 | D:12     | Reached XP level 13. HP: 101/101 MP: 4/13
 12065 | D:12     | Reached skill level 20 in Polearms
 12296 | Lair:1   | Entered Level 1 of the Lair of Beasts
 13139 | Lair:2   | Noticed Sonja
 13144 | Lair:2   | Found a frozen archway.
 13149 | Lair:2   | Succumbed to Sonja's poison

Illustrated notes

Levels and vault maps discovered:
D:1:      nicolae_arrival_kraken_aquarium_a, layout_basic, serial_aquarium,
          aquarium_bridge_island_small [aquarium_subvault_small_open,
          aquarium_subvault_bridge, aquarium_subvault_window,
          aquarium_subvault_bridge, aquarium_subvault_wall],
          aquarium_bridge_square [aquarium_subvault_bridge,
          aquarium_subvault_bridge, aquarium_subvault_bridge,
          aquarium_subvault_wall], aquarium_window_1, aquarium_window_fake,
          aquarium_window_corridor_3, aquarium_view_2b, aquarium_view_2d,
          aquarium_balcony_5b
D:2:      layout_basic, basic_altar
D:3:      layout_loops_ring, minitemple, yredelemnul_altar_generic,
          kennysheep_another_room
D:4:      layout_cave_pools, biasface_ghost_orc_armoury, enter_ossuary_1,
          supply_closet_lemuel, minmay_misc_feat_ornament
D:5:      layout_loops_corners, minmay_temple_entry_water_ring, serial_glass,
          glass_columns_b, glass_columns_a, minmay_fountain_box,
          nicolae_kite_square_tiling_tiny
D:6:      minmay_chambers_of_sixes, layout_loops_ring, serial_shops, shop
D:7:      layout_basic, uniq_prince_ribbit1
D:8:      layout_loops_cross, lair_entry_dummy
D:9:      layout_basic, serial_shops, nicolae_shop_stone,
          hangedman_abyss_or_decor_stabs, uniq_pikel, uniq_gastronok
D:10:     layout_loops_ring, serial_shops, shop
D:11:     layout_small_grid, erik_orc_4, gauntlet_entry_generic, uniq_erica,
          uniq_erolcha
D:12:     layout_basic, david_defended_altar_orc
Lair:1:   layout_big_grid, beast_lair_carwin_8
Lair:2:   layout_hall_layers, swamp_mist, portal_ice_cave_rime, basic_altar,
          minivault_23, uniq_sonja

Skill      XL: |  1  2  3  4  5  6  7  8  9 10 11 12 13 |
---------------+----------------------------------------+-----
Dodging        | 3 4 5 6 |  6.0
Polearms       | 5 6 7 9 11 16 18 19 20 | 20.0
Fighting       | 4 5 6 7 9 |  9.8
Armour         | 3 6 |  6.3
Throwing       | 6 7 9 |  9.5
Evocations     | 3 5 6 |  6.0

Action                   |  1- 3 |  4- 6 |  7- 9 | 10-12 | 13-15 || total
-------------------------+-------+-------+-------+-------+-------++-------
Melee: Spear             |   118 |   125 |   457 |    13 |       ||   713
       Punch             |       |     2 |     4 |       |       ||     6
       Halberd           |       |       |       |   415 |       ||   415
       Trident           |       |       |       |    25 |       ||    25
       Glaive            |       |       |       |   222 |   120 ||   342
Throw: Stone             |       |       |     3 |    10 |       ||    13
       Dart              |       |       |       |     7 |       ||     7
Invok: Berserk           |     2 |     3 |     6 |    11 |     2 ||    24
       Trog's Hand       |       |       |       |     3 |       ||     3
       Brothers in Arms  |       |       |       |     1 |       ||     1
Evoke: Wand              |       |       |       |     4 |       ||     4
  Use: Scroll            |     2 |       |     9 |    18 |     2 ||    31
       Potion            |       |       |     1 |     1 |       ||     2
Armor: Ring mail         |    24 |    48 |    36 |       |       ||   108
       Plate armour      |       |       |    59 |   220 |    55 ||   334
Dodge: Dodged            |    30 |    54 |   117 |   218 |    97 ||   516
Block: Other             |       |       |    27 |    41 |       ||    68
       Reflection        |       |       |       |     6 |       ||     6

Table legend: (Time is in decaauts)
 A = Elapsed time spent in this place.
 B = Non-inter-level travel time spent in this place.
 C = Inter-level travel time spent in this place.
 D = Time resting spent in this place.
 E = Time spent auto-exploring this place.
 F = Levels seen in this place.
 G = Mean time per level.
                   A        B        C        D        E       F      G
               +--------+--------+--------+--------+--------+-----+--------+
         Total |  12890 |  12196 |    694 |   1209 |   8661 |  16 |  805.6 |
       Dungeon |  10521 |   9874 |    647 |    674 |   7448 |  12 |  876.8 |
          Lair |    837 |    791 |     46 |     76 |    584 |   2 |  418.5 |
       Ossuary |   1049 |   1049 |      0 |    390 |    372 |   1 | 1049.0 |
      Gauntlet |    482 |    482 |      0 |     68 |    256 |   1 |  482.0 |
               +--------+--------+--------+--------+--------+-----+--------+

Top non-repeatable levels by time:
     D:2: 1138 daAuts
 Ossuary: 1049 daAuts
     D:1: 1020 daAuts
     D:5: 1009 daAuts
     D:9: 1006 daAuts
     D:6: 951 daAuts
     D:3: 915 daAuts
    D:11: 880 daAuts
  Lair:1: 823 daAuts
     D:8: 775 daAuts
     D:7: 775 daAuts
    D:10: 705 daAuts
    D:12: 700 daAuts
     D:4: 643 daAuts
Gauntlet: 482 daAuts
